Construct Weapon Support Center
Selects Airborne Battlegroup
Selects Heavy Machine Gun Paradrop
Selects Smoke Bombing Run
Heavy Machine Gun Paradrop
Heavy Machine Gun Paradrop
Mechanized Support Center
Improved M9 Bazooka Rockets
Heavy Machine Gun Paradrop
Construct Medical Station
Selects Paratrooper Squad Paradrop
Heavy Machine Gun Paradrop
M4(105) Sherman Bulldozer
Paratrooper Squad Paradrop
M18 Hellcat Tank Destroyer
Designate Forward Repair Station
Paratrooper Squad Paradrop
Selects Carpet Bombing Run
Paratrooper Squad Paradrop